cohdb
Replays
Latest Replays
All Replays
Popular Replays
Top Player Replays
Match Explorer
How It Works
Community
CoH3 Stats
Reddit
Sign in to upload your games and track your stats! →
Sign in with Steam
Match 44565686
Unlisted
Match 44565686
Overview
Messages
Build Orders
End
Construct Weapon Support Center
Engineer Squad
M1919 Machine Gun Team
Bazooka Squad
M1919 Machine Gun Team
.30 cal Machine Gun
Mechanized Support Center
Bazooka Squad
M3 Armored Personnel Carrier
.30 cal Machine Gun
Engineer Squad
Selects Armored Battlegroup
Construct Tank Depot
Selects Veteran Crews
Selects Strength in Steel
Engineer Squad
M4(105) Sherman Bulldozer
Engineer Squad
M3 Armored Personnel Carrier
M3 Armored Personnel Carrier
Engineer Squad
M4(105) Sherman Bulldozer
Improvised Armor
Selects Seek and Destroy
M4A1 Sherman Medium Tank
Bazooka Squad
Improved M9 Bazooka Rockets
Selects M31 Recovery Vehicle
Selects War Machine
M31 Recovery Vehicle
M1919 Machine Gun Team
Engineer Squad
M4A1 76mm Conversion
Engineer Squad
Selects M4A3E8 Sherman Combat Group
Engineer Squad
M4A3E8 Sherman Combat Group
1XStyleDE
DibbeTC
Dr. Tacosaurus
tosken
JareK
Wayman92
BUY BKB ON CORES NOOBS
pejgamber
0
0
Comments
sign in to comment!
No comments posted yet!